 Dungeon Crawl Stone Soup version 0.20.1-1-g8b1a95d (webtiles) character file.

3591 dstrtn the Gouger (level 9, -4/41 HPs)
             Began as a Felid Chaos Knight on Oct 14, 2017.
             Slain by a crocodile (7 damage)
             ... on level 1 of the Lair of Beasts.
             The game lasted 00:57:37 (11514 turns).

dstrtn the Gouger (Felid Chaos Knight)             Turns: 11514, Time: 00:57:38

Health: -4/41      AC:  8    Str: 10    XL:     9   Next: 85%
Magic:  17/18      EV: 21    Int: 18    God:    Xom [..*...]
Gold:   544        SH:  0    Dex: 16    Spells: 0/19 levels left
                                        Lives:  0   Deaths: 3

rFire    . . .     SeeInvis +     - Unarmed
rCold    . . .     Gourm    .   (shield unavailable)
rNeg     . . .     Faith    .   (armour unavailable)
rPois    +         Spirit   .   (helmet unavailable)
rElec    .         Reflect  .   (cloak unavailable)
rCorr    .         Harm     .   (gloves unavailable)
MR       +....                  (boots unavailable)
Stlth    ++++......             (no amulet)
Regen    0.2/turn               m - ring "Jiwass" {rPois Str+2 Slay+3}
MPRegen  0.2/turn               r - +3 ring of intelligence

@: quick
A: no armour, no weapons or thrown items, stealth, claws 1, fangs 3, horns 2,
icy blue scales 1, iridescent scales 1, thin metallic scales 1, see invisible,
carnivore 3, clumsy 1, speed 1, mutation resistance 1, shaggy fur 2, slow
metabolism 1, sharp paws
a: Renounce Religion


You were on level 1 of the Lair of Beasts.
You worshipped Xom.
You were a toy of Xom.
You were not hungry.

You visited 2 branches of the dungeon, and saw 11 of its levels.
You also visited: Ossuary.

You collected 2044 gold pieces.
You spent 1500 gold pieces at shops.

Inventory:

Jewellery
 m - the ring "Jiwass" (left paw) {rPois Str+2 Slay+3}
   (You found it on level 4 of the Dungeon)

   [ring of slaying]

   It affects your strength (+2).
   It affects your accuracy and damage with ranged weapons and melee attacks
   (+3).
   It protects you from poison.
 r - a +3 ring of intelligence (right paw)
Wands
 c - a wand of polymorph (10/24)
 o - a wand of acid (0/15)
Scrolls
 e - a scroll of teleportation
 g - a scroll of identify
 v - a scroll of blinking
 B - a scroll of magic mapping
 C - a scroll of recharging
Potions
 b - a potion of haste
 d - a potion of might
 h - a potion of agility
 i - 2 potions of invisibility
 l - 2 potions of brilliance
 q - 4 potions of curing
 s - 2 potions of ambrosia
 u - 2 potions of flight
Books
 j - a book of Burglary

   Spells                             Type                      Level
   a - Swiftness                      Charms/Air                   2
   b - Passwall                       Transmutation/Earth          2
   c - Passage of Golubria            Translocation                4
   d - Lee's Rapid Deconstruction     Earth                        5
   e - Darkness                       Hexes                        6
   f - Invisibility                   Hexes                        6
 k - a book of Frost

   Spells                             Type                      Level
   a - Freeze                         Ice                          1
   b - Throw Frost                    Conjuration/Ice              2
   c - Ozocubu's Armour               Charms/Ice                   3
   d - Throw Icicle                   Conjuration/Ice              4
   e - Summon Ice Beast               Ice/Summoning                4
 w - a book of Callings

   Spells                             Type                      Level
   a - Summon Small Mammal            Summoning                    1
   b - Call Imp                       Summoning                    2
   c - Call Canine Familiar           Summoning                    3
   d - Summon Guardian Golem          Hexes/Summoning              3
   e - Summon Lightning Spire         Summoning/Air                4
   f - Summon Ice Beast               Ice/Summoning                4
 A - a book of Minor Magic

   Spells                             Type                      Level
   a - Magic Dart                     Conjuration                  1
   b - Blink                          Translocation                2
   c - Call Imp                       Summoning                    2
   d - Slow                           Hexes                        2
   e - Conjure Flame                  Conjuration/Fire             3
   f - Mephitic Cloud                 Conjuration/Poison/Air       3
Miscellaneous
 f - a fan of gales (inert)
Comestibles
 a - 6 meat rations
 t - 9 royal jellies


   Skills:
 - Level 6.0 Fighting
 - Level 6.1 Dodging
 - Level 8.7 Stealth
 - Level 10.0 Unarmed Combat
 - Level 5.7 Spellcasting
 - Level 5.8 Hexes
 - Level 3.1 Charms
 + Level 1.6 Summonings
 - Level 8.6 Necromancy


You couldn't memorise any spells.
You knew the following spells:

 Your Spells              Type           Power        Failure   Level  Hunger
a - Animate Skeleton      Necr           N/A          1%          1    None
b - Animate Dead          Necr           N/A          3%          4    ####...
c - Control Undead        Necr           #####.....   3%          4    ####...
f - Call Canine Familiar  Summ           ##......     19%         3    ##.....
r - Regeneration          Chrm/Necr      ####......   3%          3    ##.....
s - Slow                  Hex            ####....     1%          2    None
v - Vampiric Draining     Necr           #####.....   1%          3    ##.....


Dungeon Overview and Level Annotations

Branches:
Dungeon (10/15)            Temple (0/1) D:6            Lair (1/6) D:10
    Orc (0/2) D:10

Altars:
Xom

Shops:
D:7 :

Annotations:
D:7 exclusion: 2 steam dragons
D:8 1 exclusion
Lair:1 Erica


Innate Abilities, Weirdness & Mutations

You cannot wear armour.
You are incapable of wielding weapons or throwing items.
Your paws allow you to move quietly. (Stealth)
You have sharp claws.
You have razor-sharp teeth.
You have supernaturally acute eyesight. (SInv)
You are carnivorous and can eat meat at any time.
You cover ground quickly.
You are covered in thick fur. (AC +2)
You have a slow metabolism.
Your sharp claws are effective at attacking unaware monsters.
You have a pair of horns on your head.
You are partially covered in icy blue scales. (AC +2)
You are partially covered in iridescent scales. (AC +2)
You are partially covered in thin metallic scales. (AC +2)
You are clumsy. (Dex -2)
You are somewhat resistant to further mutation.


Message History

The black mamba is heavily wounded.
The black mamba closely misses you.
You closely miss the black mamba. You headbutt the black mamba.
You bite the black mamba, but do no damage.
The black mamba is heavily wounded.
The black mamba bites you!
* * * LOW HITPOINT WARNING * * *
You miss the black mamba. Your claw misses the black mamba.
The black mamba is heavily wounded.
The black mamba bites you!
* * * LOW HITPOINT WARNING * * *
You claw the black mamba! You headbutt the black mamba.
Your claw misses the black mamba.
The black mamba is almost dead.
The black mamba misses you.
You barely miss the black mamba. Your headbutt misses the black mamba.
The black mamba is almost dead.
The crocodile bites you!
You die...
Xom roars with laughter!

.#.# # .. #.
#..#.#..#.#.########.
#S†..................
##.# ......#.########
##..# ..... #.## #...#
#.... #..# #.### ##.#§#
#.P# #@.# #..#t# #.##
#..# #.#@# #.# #.##
#§§S# #.# ##.#
#§@.###.#.###. #P.###
#.#............
#..#.####..##.####.####
#....S....##### ..
#..#.#P.### ##
#########


You could see Erica, a black mamba and a crocodile.

Vanquished Creatures
  A two-headed ogre (D:8)
  Nergalle (D:10)
  A wolf spider zombie (D:9)
  An elephant (D:10)
  3 centaur zombies
  2 spiny frogs (Lair:1)
  3 centaur skeletons
  A troll (D:9)
  2 hippogriffs
  A basilisk (D:10)
  The ghost of Irenicus the Slasher, an amateur OpCK of Xom (D:4)
  A water moccasin (D:8)
  A porcupine (Lair:1)
  An orc warrior (D:10)
  A sky beast (D:8)
  An ice beast (D:10)
  An eye of draining (D:10)
  2 necrophages (D:9)
  2 phantoms
  2 ogres
  A centaur (D:10)
  6 bullfrogs
  2 wyvern zombies
  6 scorpions
  A wyvern skeleton (D:10)
  2 killer bees
  4 wights (D:10)
  2 howler monkeys (D:5)
  3 crimson imps
  2 quasits
  5 jellies
  4 hounds
  2 gnoll shamans
  7 orc priests
  A bullfrog skeleton (D:4)
  4 iguanas
  9 orc wizards
  8 worker ants
  A hound zombie (D:5)
  2 hound skeletons
  2 worker ant zombies
  12 adders
  10 gnolls
  5 shadow imps
  9 oozes
  An adder zombie (D:8)
  3 adder skeletons
  2 worms (D:2)
  A dart slug (D:1)
  3 leopard geckos
  28 orcs
  5 giant cockroaches
  9 goblins
  A hobgoblin (D:1)
  9 jackals
  8 quokkas
  A ball python (D:6)
  5 bats
  7 frilled lizards
  A hobgoblin zombie (Ossuary)
  A jackal skeleton (D:8)
  A jackal zombie (D:6)
  6 kobolds
  An orc zombie (Ossuary)
  A quokka skeleton (D:4)
  A quokka zombie (D:6)
  5 rats
239 creatures vanquished.

Vanquished Creatures (collateral kills)
  A two-headed ogre (D:8)
  Pikel (D:8)
  A centaur zombie (D:9)
  2 gargoyles
  A hellwing (D:9)
  2 orc warriors
  A centaur (D:9)
  A crocodile (D:9)
  A wight (D:10)
  A killer bee (D:10)
  A howler monkey (D:10)
  A jelly (D:8)
  An orc wizard (D:10)
  An orc priest (D:9)
  An iguana (D:9)
  2 gnolls (D:9)
  An adder (D:9)
  An orc (D:10)
21 creatures vanquished.

Vanquished Creatures (others)
  The ghost of Terandir the Thaumaturge, a journeyman DEEE of Vehumet (Lair:1)
  3 slaves (D:8)
  A howler monkey (D:8)
  An iguana (D:4)
  An orc (D:9)
7 creatures vanquished.

Grand Total: 267 creatures vanquished

Notes
Turn   | Place    | Note
-------+----------+-------------------------------------------
     0 | D:1      | dstrtn the Felid Chaos Knight began the quest for the Orb.
     0 | D:1      | Reached XP level 1. HP: 10/10 MP: 2/2
   159 | D:1      | XOM: butterfly on damage
   271 | D:1      | XOM: harmless Tloc miscast
   316 | D:1      | Reached skill level 1 in Stealth
   383 | D:1      | You fall through a shaft!
   389 | D:2      | Found a faded altar of an unknown god.
   408 | D:2      | XOM: divination: detect items
   410 | D:2      | Reached XP level 2. HP: 8/14 MP: 3/3
   475 | D:3      | Gained mutation: You are partially covered in thin metallic scales. (AC +2) [potion of mutation]
   475 | D:3      | Gained mutation: You have a pair of small horns on your head. [potion of mutation]
   617 | D:3      | XOM: harmless Fire miscast
   749 | D:3      | XOM: butterfly on damage
   845 | D:2      | Reached XP level 3. HP: 15/17 MP: 4/4
  1009 | D:1      | XOM: noise
  1285 | D:2      | Reached skill level 4 in Unarmed Combat
  1351 | D:2      | XOM: cloud trail
  1508 | D:2      | Reached XP level 4. HP: 16/21 MP: 5/5
  1521 | D:2      | XOM: 4-stop teleportation journey
  1793 | D:2      | XOM: 4-stop teleportation journey
  2416 | D:4      | Got a vibrating tin ring
  2417 | D:4      | Identified the ring "Jiwass" {rPois Str+2 Slay+3} (You found it on level 4 of the Dungeon)
  2510 | D:4      | Reached XP level 5. HP: 24/24 MP: 6/6
  2553 | D:4      | XOM: cloud trail
  2563 | D:4      | Noticed Irenicus's ghost (amateur OpCK)
  2568 | D:4      | XOM: 1-stop teleportation journey
  2654 | D:4      | Reached skill level 5 in Stealth
  2866 | D:4      | XOM: divination: detect items
  2903 | D:4      | XOM: divine lightning
  2904 | D:4      | XOM: give mutations
  2904 | D:4      | Gained mutation: You possess an exceptional clarity of mind. [Xom's grace]
  2904 | D:4      | Gained mutation: You have a pair of horns on your head. [Xom's grace]
  2918 | D:4      | XOM: scenery: create altars
  2930 | D:4      | XOM: summons friendly crimson imp
  2948 | D:4      | XOM: fake destruction
  2965 | D:4      | XOM: destruction
  2971 | D:4      | Killed Irenicus's ghost
  2971 | D:4      | Reached skill level 5 in Unarmed Combat
  2971 | D:4      | Gained mutation: You are covered in thick fur. (AC +2) [Felid growth]
  2971 | D:4      | Reached XP level 6. HP: 12/28 MP: 7/7
  3305 | D:5      | Entered Level 5 of the Dungeon
  3313 | D:5      | XOM: polymorph gnoll -> worker ant
  3395 | D:5      | Found a sand-covered staircase.
  3400 | Ossuary  | Entered an ossuary
  3659 | Ossuary  | XOM: summons 3 hostile demons
  3660 | Ossuary  | Noticed a red devil
  3778 | D:5      | Reached XP level 7. HP: 28/31 MP: 8/8
  3784 | D:5      | Reached skill level 6 in Unarmed Combat
  3848 | D:5      | XOM: noise
  3957 | D:5      | XOM: enchant monster (bad)
  4063 | D:5      | XOM: give mutations
  4063 | D:5      | Gained mutation: You are frail. (-10% HP) [Xom's mischief]
  4063 | D:5      | Gained mutation: You are dopey. (Int -2) [Xom's mischief]
  4063 | D:5      | Lost mutation: You are dopey. (Int -2) [Xom's mischief]
  4195 | D:5      | Reached XP level 8. HP: 27/32 MP: 9/9
  4266 | D:5      | XOM is BORED!
  4266 | D:5      | XOM: give mutations
  4266 | D:5      | Lost mutation: You have a pair of horns on your head. [Xom's mischief]
  4266 | D:5      | Lost mutation: You possess an exceptional clarity of mind. [Xom's mischief]
  4326 | D:5      | XOM: divination: magic mapping
  4343 | D:5      | XOM: potion effect (brilliance)
  4517 | D:5      | Reached skill level 5 in Fighting
  4550 | D:6      | Noticed a hippogriff
  4554 | D:6      | Killed a hippogriff
  4554 | D:6      | Reached skill level 7 in Unarmed Combat
  4626 | D:6      | XOM: potion effect (haste)
  4627 | D:6      | XOM: potion effect (agility)
  4732 | D:6      | XOM: noise
  4771 | D:6      | XOM: noise
  4788 | D:6      | XOM: polymorph howler monkey -> howler monkey
  4800 | D:5      | XOM: give mutations
  4800 | D:5      | Gained mutation: You are very frail. (-20% HP) [Xom's mischief]
  4800 | D:5      | Lost mutation: You have a pair of small horns on your head. [Xom's mischief]
  5155 | D:6      | Learned a level 1 spell: Animate Skeleton
  5157 | D:6      | Learned a level 1 spell: Pain
  5188 | D:6      | Reached skill level 1 in Necromancy
  5273 | D:6      | Killed from afar by an orc priest
  5274 | D:6      | Reached XP level 7. HP: -5/27 MP: 8/8
  5309 | D:6      | XOM: butterfly on damage
  5539 | D:6      | XOM: destruction
  5550 | D:6      | XOM: mild Tmut miscast
  5810 | D:6      | XOM: medium Ice miscast
  5812 | D:6      | Found a staircase to the Ecumenical Temple.
  5862 | D:6      | Learned a level 3 spell: Regeneration
  5914 | D:6      | XOM: summons friendly shadow imp
  5915 | D:6      | XOM: scenery: create altars
  6022 | D:7      | Found Kotikeash's Book Boutique.
  6024 | D:7      | Reached skill level 1 in Charms
  6041 | D:7      | XOM: 2-stop teleportation journey
  6062 | D:7      | XOM: harmless Chrm miscast
  6163 | D:7      | Noticed a steam dragon
  6291 | D:7      | Noticed a steam dragon
  6370 | D:7      | Reached XP level 8. HP: 27/30 MP: 9/9
  6570 | D:7      | Reached skill level 1 in Spellcasting
  6584 | D:7      | Learned a level 3 spell: Vampiric Draining
  6897 | D:7      | XOM: give mutations
  6897 | D:7      | Lost mutation: You are very frail. (-20% HP) [Xom's mischief]
  6897 | D:7      | Gained mutation: You are clumsy. (Dex -2) [Xom's mischief]
  6897 | D:7      | Lost mutation: You are frail. (-10% HP) [Xom's mischief]
  7275 | D:8      | Noticed a two-headed ogre
  7275 | D:8      | XOM: summons friendly sixfirhy
  7280 | D:8      | Killed a two-headed ogre
  7280 | D:8      | Reached skill level 5 in Necromancy
  7283 | D:8      | Noticed Pikel
  7292 | D:8      | Killed Pikel
  7292 | D:8      | Reached XP level 9. HP: 41/41 MP: 13/13
  7305 | D:8      | Noticed a gargoyle
  7307 | D:8      | XOM: butterfly on damage
  7411 | D:8      | Killed a gargoyle
  7460 | D:8      | XOM: medium Pois miscast
  7580 | D:8      | Noticed a two-headed ogre
  7586 | D:8      | Killed a two-headed ogre
  7593 | D:8      | Learned a level 4 spell: Animate Dead
  7935 | D:9      | XOM: polymorph shadow imp -> quasit
  7977 | D:9      | XOM: divination: magic mapping
  7984 | D:9      | Reached skill level 8 in Unarmed Combat
  8006 | D:9      | XOM: potion effect (heal wounds)
  8034 | D:8      | XOM: silly message
  8052 | D:9      | Noticed a hellwing
  8052 | D:9      | Noticed a hellwing
  8156 | D:9      | XOM: noise
  8165 | D:9      | XOM: divination: detect creatures
  8166 | D:9      | XOM: cast spell 'Summon Hydra'
  8185 | D:9      | XOM: enchant monster (bad)
  8261 | D:9      | XOM: polymorph hellwing -> hellwing
  8320 | D:9      | XOM: 2-stop teleportation journey
  8328 | D:9      | XOM: divination: detect items
  8345 | D:9      | XOM: noise
  8351 | D:9      | XOM: noise
  8353 | D:9      | Noticed a troll
  8556 | D:9      | XOM: cast spell 'Summon Small Mammal'
  8557 | D:9      | XOM: summons friendly white imp
  8567 | D:9      | XOM: confuse monster(s)
  8666 | D:9      | XOM: divination: detect creatures
  8719 | D:8      | XOM: harmless Conj miscast
  8746 | D:9      | Reached XP level 10. HP: 30/45 MP: 12/18
  8855 | D:9      | XOM: summons friendly quasit
  8864 | D:9      | Learned a level 4 spell: Control Undead
  8903 | D:9      | XOM: enchant monster (bad)
  8906 | D:9      | XOM: enchant monster (good)
  8952 | D:8      | XOM: scenery: create altars
  8966 | D:9      | XOM: fog
  8971 | D:9      | XOM: butterfly on damage
  8972 | D:9      | XOM: butterfly on damage
  8973 | D:9      | Slain by a wyvern zombie
  8974 | D:9      | Reached XP level 9. HP: 0/41 MP: 8/17
  9006 | D:9      | XOM: fog
  9021 | D:9      | XOM: enchant monster (good)
  9030 | D:9      | XOM: fog
  9036 | D:9      | XOM: 3-stop teleportation journey
  9051 | D:9      | Reached skill level 9 in Unarmed Combat
  9132 | D:10     | Entered Level 10 of the Dungeon
  9160 | D:9      | Noticed a gargoyle
  9160 | D:9      | XOM: destruction
  9165 | D:9      | XOM: summons friendly white imp
  9174 | D:9      | XOM: confuse monster(s)
  9177 | D:9      | Killed a troll
  9188 | D:9      | XOM: 10-stop teleportation journey
  9312 | D:9      | Killed a hellwing
  9341 | D:9      | XOM: god gift: potion of curing
  9376 | D:9      | XOM: butterfly on damage
  9380 | D:9      | Killed a gargoyle
  9489 | D:9      | Reached skill level 10 in Unarmed Combat
  9555 | D:9      | XOM: god gift: +3 Elemental Staff {rElec rF++ rC++ MR++ AC+5}
  9563 | D:9      | XOM: god gift: 1620 gold pieces
  9663 | D:7      | Bought a book of Burglary for 900 gold pieces
  9663 | D:7      | Bought a book of Callings for 360 gold pieces
  9663 | D:7      | Bought a book of Minor Magic for 240 gold pieces
  9676 | D:7      | Learned a level 2 spell: Slow
  9785 | D:9      | Reached skill level 1 in Hexes
  9816 | D:10     | Noticed Nergalle
  9856 | D:10     | Found a staircase to the Orcish Mines.
  9885 | D:10     | Noticed a death yak
  9910 | D:10     | XOM: divination: magic mapping
  9977 | D:10     | Killed Nergalle
  9977 | D:10     | Reached XP level 10. HP: 36/45 MP: 12/18
  9995 | D:10     | Reached skill level 5 in Dodging
 10002 | D:10     | Noticed an elephant
 10029 | D:9      | XOM: mild Necr miscast
 10355 | D:10     | XOM: 1-stop teleportation journey
 10357 | D:10     | XOM: give mutations
 10357 | D:10     | Gained mutation: You have a pair of small horns on your head. [Xom's grace]
 10357 | D:10     | Gained mutation: You have a pair of horns on your head. [Xom's grace]
 10357 | D:10     | Gained mutation: You are partially covered in iridescent scales. (AC +2) [Xom's grace]
 10357 | D:10     | Gained mutation: You are partially covered in icy blue scales. (AC +2) [Xom's grace]
 10448 | D:10     | XOM: 1-stop teleportation journey
 10484 | D:10     | Reached skill level 5 in Hexes
 10562 | D:10     | XOM: enchant monster (good)
 10578 | D:10     | XOM: cast spell 'Cause Fear'
 10639 | D:10     | XOM: summons 10 friendly demons
 10910 | D:10     | Found a staircase to the Lair.
 10931 | D:10     | XOM: butterfly on damage
 10951 | D:10     | XOM: give mutation
 10951 | D:10     | Gained mutation: You are somewhat resistant to further mutation. [Xom's grace]
 11038 | D:10     | Killed an elephant
 11038 | D:10     | Reached skill level 5 in Spellcasting
 11158 | Lair:1   | Entered Level 1 of the Lair of Beasts
 11204 | Lair:1   | Noticed a spiny frog
 11252 | Lair:1   | Noticed Terandir's ghost (journeyman DEEE)
 11255 | Lair:1   | Killed Terandir's ghost
 11255 | Lair:1   | XOM: divine lightning
 11262 | Lair:1   | XOM: summons friendly shadow imp
 11277 | Lair:1   | Killed a spiny frog
 11282 | Lair:1   | Learned a level 3 spell: Call Canine Familiar
 11374 | Lair:1   | Noticed a spiny frog
 11453 | Lair:1   | Slain by a spiny frog
 11454 | Lair:1   | Reached XP level 9. HP: -3/41 MP: 9/18
 11481 | Lair:1   | Noticed Erica
 11481 | Lair:1   | Noticed a spiny frog
 11482 | Lair:1   | Noticed a black mamba
 11486 | Lair:1   | Killed a spiny frog
 11486 | Lair:1   | Reached skill level 1 in Summonings
 11508 | Lair:1   | XOM: smoke on damage
 11514 | Lair:1   | Slain by a crocodile

Skill      XL: |  1  2  3  4  5  6  7  8  9 10 |
---------------+-------------------------------+-----
Stealth        | 1 2 3 4 6 7 8 |  8.7
Unarmed Combat | 4 5 6 7 10 | 10.0
Fighting       | 4 5 6 |  6.0
Necromancy     | 3 6 8 |  8.6
Charms         | 2 3 |  3.1
Spellcasting   | 2 4 5 |  5.7
Hexes          | 3 5 |  5.8
Dodging        | 4 6 |  6.1
Summonings     | 1 |  1.6

Action                   |  1- 3 |  4- 6 |  7- 9 | 10-12 || total
-------------------------+-------+-------+-------+-------++-------
Melee: Unarmed           |    93 |    77 |   419 |   109 ||   698
       Bite              |     7 |     8 |    40 |    14 ||    69
       Headbutt          |     6 |    11 |    20 |    14 ||    51
       Punch             |     1 |     2 |    13 |     5 ||    21
 Cast: Pain              |       |       |    12 |       ||    12
       Animate Skeleton  |       |       |     9 |     1 ||    10
       Regeneration      |       |       |    30 |    13 ||    43
       Vampiric Draining |       |       |     7 |     3 ||    10
       Animate Dead      |       |       |     9 |     7 ||    16
       Slow              |       |       |     6 |    28 ||    34
       Control Undead    |       |       |     5 |     7 ||    12
       Call Canine Famil |       |       |       |     1 ||     1
Evoke: Wand              |       |     3 |     3 |       ||     6
       Fan of gales      |       |       |     1 |       ||     1
  Use: Potion            |     3 |       |     7 |     1 ||    11
       Scroll            |       |     3 |    20 |     2 ||    25
 Stab: Sleeping          |     6 |    18 |    19 |       ||    43
       Distracted        |     1 |       |     5 |     2 ||     8
       Invisible         |       |       |     2 |       ||     2
  Eat: Chunk             |     8 |     4 |    16 |     1 ||    29
       Royal jelly       |       |       |     1 |     2 ||     3
Armor: Skin              |     7 |     4 |    41 |    11 ||    63
Dodge: Dodged            |    74 |    36 |   331 |   100 ||   541
